 Dungeon Crawl Stone Soup version 0.21-a0-496-g696f58f (webtiles) character file.

12 kae the Skirmisher (level 2, 23/27 HPs)
             Began as a Minotaur Fighter on Nov 23, 2017.
             Quit the game on level 1 of the Dungeon.
             The game lasted 00:00:15 (106 turns).

kae the Skirmisher (Minotaur Fighter)                Turns: 106, Time: 00:00:16

Health: 23/27      AC:  7    Str: 20    XL:     2   Next: 20%
Magic:  1/1        EV:  7    Int:  5    God:
Gold:   30         SH:  9    Dex:  9    Spells: 1/1 levels left

rFire    . . .     SeeInvis .   a - +0 rapier
rCold    . . .     Gourm    .   c - +0 shield
rNeg     . . .     Faith    .   b - +0 scale mail
rPois    .         Spirit   .   (helmet restricted)
rElec    .         Reflect  .   (no cloak)
rCorr    .         Harm     .   (no gloves)
MR       .....                  (no boots)
Stlth    ..........             (no amulet)
HPRegen  0.09/turn              (no ring)
MPRegen  0.07/turn              (no ring)

@: no status effects
A: retaliatory headbutt, horns 2
a: no special abilities


You were on level 1 of the Dungeon.
You were not hungry.

You visited 1 branch of the dungeon, and saw 1 of its levels.

You collected 30 gold pieces.

Inventory:

Hand Weapons
 a - a +0 rapier (weapon)
Armour
 b - a +0 scale mail (worn)
 c - a +0 shield (worn)
Scrolls
 e - a scroll of remove curse {unknown}
 g - a scroll of blinking {unknown}
Potions
 d - a potion of might
Comestibles
 f - a bread ration


   Skills:
 + Level 3.8 Fighting
 - Level 2.8 Short Blades
 + Level 3.8 Armour
 - Level 3.6 Shields


You had one spell level left.
You didn't know any spells.

Dungeon Overview and Level Annotations

Branches:
Dungeon (1/15)

Altars:


Innate Abilities, Weirdness & Mutations

You reflexively headbutt those who attack you in melee.
You have a pair of horns on your head.


Message History

The jackal bites you. x2; You block the goblin's attack.
You hit the jackal. You headbutt the jackal.
You kill the jackal!
The kobold throws a stone.
You block the stone. The goblin hits you with a club.
You barely miss the goblin. You block the goblin's attack.
You puncture the goblin!
You kill the goblin!
The kobold throws a stone.
You block the stone. The kobold hits you but does no damage.
You hit the kobold but do no damage. The kobold completely misses you.
You closely miss the kobold. You block the kobold's attack.
You closely miss the kobold. Your headbutt misses the kobold.
The kobold hits you but does no damage. You block the kobold's attack.
You closely miss the kobold. The kobold hits you but does no damage.
You puncture the kobold!
You kill the kobold!
No target in view!
Unknown command.
Are you sure you want to abandon this character and quit the game? (Confirm with "yes".)

.....# . ## ##....# .##.
. #..# . ##... . #..####
###
#?#.##.#.###....(#####..
.....##.##...##.........
........†$..###.........
#......(...# #.........
#.....@)...###..)......
......).....##.....†.###
.......####..#......## #
.....#. ##......######
.....#. #.........##.
.... .. >.............
... ## ..............
... ..............
..............


There were no monsters in sight!

Vanquished Creatures
  A giant cockroach (D:1)
  2 goblins (D:1)
  A hobgoblin (D:1)
  2 jackals (D:1)
  A kobold (D:1)
  A ball python (D:1)
  A bat (D:1)
  A frilled lizard (D:1)
  A rat (D:1)
11 creatures vanquished.

Notes
Turn   | Place    | Note
-------+----------+-------------------------------------------
     0 | D:1      | kae the Minotaur Fighter began the quest for the Orb.
     0 | D:1      | Reached XP level 1. HP: 19/19 MP: 0/0
    96 | D:1      | Reached XP level 2. HP: 27/27 MP: 1/1
   106 | D:1      | Quit the game

Vault maps used:
D:1:      grunt_arrival_lava_bath, kennysheep_decorative_pillar, minmay_ruptured

Action                   || total
-------------------------++-------
Melee: Rapier            ||    21
       Headbutt          ||     2
Armor: Scale mail        ||     7
Dodge: Dodged            ||     3
Block: Shield            ||    12

Table legend:
 A = Spawn XP
 B = Non-spawn XP
 C = Spawn XP percentage of total XP
 D = Spawn monster count
 E = Non-spawn monster count
 F = Spawn count percentage of total count
 G = Total turns spent on level
                    A         B        C        D         E        F      G
               +---------+---------+-------+---------+---------+-------+---------
         Total |       0 |      18 |   0.0 |       0 |      11 |   0.0 |   106
               +---------+---------+-------+---------+---------+-------+---------
           D:1 |       0 |      18 |   0.0 |       0 |      11 |   0.0 |   106
               +---------+---------+-------+---------+---------+-------+---------
